[ AOE2 MATCH · #473590345 ]
UnrankedTeutons vs Bohemians
[ REPLAY ANALYSIS · EXTRACTED FROM THE RECORDED GAME ]
Feudal
8:31
Castle
23:14
Imperial
—
| APM avg | 37.0 |
| APM peak | 73 |
| eAPM avg | 24.4 |
| Villagers / military | 153 / 101 |
Focus
⚔️ 37.3% · 🌾 62.7%
Monk ×69 · Spearman ×32
Feudal
10:42
Castle
17:22
Imperial
33:16
| APM avg | 36.0 |
| APM peak | 64 |
| eAPM avg | 21.1 |
| Villagers / military | 146 / 136 |
Focus
⚔️ 39.0% · 🌾 61.0%
Spearman ×82 · Hand Cannoneer ×21 · Skirmisher ×20 · Bombard Cannon ×10 · Monk ×2 · Trade Cart ×2
Feudal
8:01
Castle
21:59
Imperial
33:32
| APM avg | 48.2 |
| APM peak | 102 |
| eAPM avg | 29.7 |
| Villagers / military | 127 / 132 |
Focus
⚔️ 36.1% · 🌾 63.9%
Skirmisher ×66 · Mangudai ×64 · Trebuchet (Packed) ×2
Feudal
10:31
Castle
14:06
Imperial
26:52
| APM avg | 54.1 |
| APM peak | 94 |
| eAPM avg | 34.8 |
| Villagers / military | 191 / 22 |
Focus
⚔️ 43.3% · 🌾 56.7%
Unknown (1944) ×187 · Unknown (1952) ×90 · Scout Cavalry ×22 · Unknown (1942) ×6 · Unknown (1954) ×2 · Unknown (1949) ×1
Feudal
9:40
Castle
13:17
Imperial
27:44
| APM avg | 47.2 |
| APM peak | 86 |
| eAPM avg | 27.5 |
| Villagers / military | 198 / 303 |
Focus
⚔️ 41.6% · 🌾 58.4%
Spearman ×257 · Knight ×36 · Battering Ram ×5 · Trebuchet (Packed) ×4 · Mangonel ×1
Feudal
11:21
Castle
15:53
Imperial
34:12
| APM avg | 49.8 |
| APM peak | 114 |
| eAPM avg | 31.9 |
| Villagers / military | 133 / 169 |
Focus
⚔️ 46.0% · 🌾 54.0%
Spearman ×108 · Ratha (Ranged) ×47 · Armored Elephant ×9 · Trebuchet (Packed) ×3 · Petard ×2
Feudal
12:20
Castle
15:57
Imperial
30:36
| APM avg | 30.1 |
| APM peak | 64 |
| eAPM avg | 17.9 |
| Villagers / military | 156 / 438 |
Focus
⚔️ 38.9% · 🌾 61.1%
Spearman ×270 · Knight ×131 · Scout Cavalry ×29 · Monk ×6 · Trebuchet (Packed) ×2
Feudal
10:28
Castle
13:50
Imperial
28:40
| APM avg | 33.5 |
| APM peak | 100 |
| eAPM avg | 26.1 |
| Villagers / military | 217 / 186 |
Focus
⚔️ 27.9% · 🌾 72.1%
Scout Cavalry ×124 · War Elephant ×56 · Trebuchet (Packed) ×6
Match map
Initial resources + every placement click. Lines = walls · curves = elevation contours. ◆ gold · ⬟ stone · ● berries · ✦ relic · ◌ wall gap
Your base· ✓ Closed at 23:14 · 1t walls · 4 gate(s)
FayDingaway's base· ✓ Closed at 17:22 · 25t walls · 3 gate(s)
色狼英雄传's base· ✓ Closed at 21:59 · 0t walls · 2 gate(s)
带带大师兄's base· ✓ Closed at 14:06 · 0t walls · 2 gate(s)
YanShiba's base· ✓ Closed at 13:17 · 0t walls · 2 gate(s)
阿呆's base· ✓ Closed at 15:53 · 50t walls · 2 gate(s)
A spoon full of love's base· ✓ Closed at 15:57 · 0t walls · 3 gate(s)
啥牌子的's base· ✓ Closed at 13:50 · 0t walls · 2 gate(s)
Smoothed initial terrain · ◌ = detected wall gap · hover for details
Inputs per minute
— 2KM1 - - FayDingaway
Build order — 2KM1
First 150 of 385 actions detected
| 0:01 | Create | Villager (Male) ×4 |
| 0:01 | Create | Villager (Male) ×4 |
| 0:02 | Build | House |
| 0:03 | Build | House |
| 1:31 | Create | Villager (Male) |
| 1:32 | Create | Villager (Male) |
| 1:49 | Build | Lumber Camp |
| 1:50 | Create | Villager (Male) |
| 1:51 | Create | Villager (Male) |
| 2:22 | Create | Villager (Male) |
| 2:45 | Create | Villager (Male) |
| 2:46 | Create | Villager (Male) |
| 3:13 | Build | House |
| 3:22 | Create | Villager (Male) |
| 3:23 | Create | Villager (Male) |
| 3:42 | Create | Villager (Male) |
| 3:42 | Create | Villager (Male) |
| 3:42 | Create | Villager (Male) |
| 4:26 | Create | Villager (Male) |
| 4:47 | Create | Villager (Male) |
| 4:48 | Create | Villager (Male) |
| 4:52 | Research | Loom |
| 5:41 | Build | Mill |
| 6:21 | Research | Feudal Age |
| 6:59 | Build | Mining Camp |
| 8:06 | Create | Villager (Male) |
| 8:12 | Build | House |
| 8:31 | Age | Feudal Age |
| 8:33 | Build | Watch Tower |
| 8:35 | Research | Double-Bit Axe |
| 8:42 | Build | Blacksmith |
| 8:44 | Create | Villager (Male) |
| 9:16 | Create | Villager (Male) |
| 9:21 | Build | House |
| 9:33 | Research | Fletching |
| 9:33 | Research | Fletching |
| 10:05 | Create | Villager (Male) |
| 10:19 | Build | Watch Tower |
| 10:28 | Create | Villager (Male) |
| 11:04 | Create | Villager (Male) |
| 11:04 | Create | Villager (Male) |
| 11:28 | Create | Villager (Male) |
| 11:28 | Create | Villager (Male) |
| 11:55 | Build | House |
| 12:00 | Create | Villager (Male) |
| 12:15 | Build | Watch Tower |
| 12:29 | Create | Villager (Male) |
| 12:46 | Create | Villager (Male) |
| 13:09 | Create | Villager (Male) |
| 13:09 | Create | Villager (Male) |
| 13:20 | Create | Villager (Male) |
| 13:20 | Create | Villager (Male) |
| 13:42 | Build | Farm |
| 13:44 | Build | Farm |
| 13:45 | Create | Villager (Male) |
| 13:50 | Build | Farm |
| 13:58 | Create | Villager (Male) |
| 14:13 | Build | Watch Tower |
| 14:23 | Build | Watch Tower |
| 14:24 | Create | Villager (Male) |
| 14:24 | Create | Villager (Male) |
| 14:31 | Build | Farm |
| 14:36 | Build | Barracks |
| 14:43 | Build | House |
| 14:48 | Create | Villager (Male) |
| 14:50 | Build | Stone Wall |
| 15:24 | Create | Villager (Male) |
| 15:33 | Research | Double-Bit Axe |
| 15:38 | Create | Spearman |
| 15:38 | Create | Spearman |
| 15:38 | Create | Spearman |
| 15:54 | Create | Spearman |
| 16:00 | Create | Villager (Male) |
| 16:33 | Build | Palisade Gate |
| 16:52 | Build | House |
| 16:53 | Build | House |
| 16:59 | Build | House |
| 17:00 | Build | House |
| 17:20 | Research | Town Watch |
| 17:23 | Research | Wheelbarrow |
| 18:00 | Build | Farm |
| 18:01 | Build | Farm |
| 18:08 | Build | Market |
| 18:24 | Build | Mining Camp |
| 18:34 | Create | Villager (Male) |
| 19:09 | Create | Villager (Male) |
| 19:11 | Build | House |
| 19:32 | Create | Villager (Male) |
| 20:16 | Build | House |
| 20:17 | Build | House |
| 20:22 | Build | House |
| 20:34 | Research | Castle Age |
| 20:34 | Research | Castle Age |
| 20:34 | Research | Castle Age |
| 21:09 | Build | House |
| 21:10 | Build | House |
| 21:13 | Build | House |
| 21:14 | Research | Horse Collar |
| 21:14 | Research | Horse Collar |
| 21:17 | Research | Gold Mining |
| 21:17 | Research | Gold Mining |
| 21:42 | Build | Gate |
| 21:45 | Build | House |
| 21:54 | Research | Horse Collar |
| 21:55 | Research | Horse Collar |
| 23:14 | Age | Castle Age |
| 23:17 | Build | Monastery |
| 23:32 | Build | Monastery |
| 23:42 | Create | Villager (Male) |
| 23:42 | Create | Villager (Male) |
| 23:43 | Create | Villager (Male) |
| 23:57 | Build | Monastery |
| 24:01 | Create | Monk |
| 24:16 | Create | Monk |
| 24:26 | Create | Monk |
| 24:43 | Create | Villager (Male) |
| 24:47 | Build | Farm |
| 24:48 | Create | Monk |
| 25:03 | Create | Monk |
| 25:23 | Create | Villager (Male) |
| 25:27 | Create | Monk |
| 25:27 | Create | Monk |
| 25:50 | Create | Villager (Male) |
| 26:00 | Build | Farm |
| 26:01 | Build | Farm |
| 26:01 | Build | Farm |
| 26:02 | Create | Villager (Male) |
| 26:08 | Research | Sanctity |
| 26:10 | Research | Fervor |
| 26:39 | Create | Monk |
| 26:39 | Create | Monk |
| 26:55 | Create | Villager (Male) |
| 27:03 | Create | Monk |
| 27:03 | Create | Monk |
| 27:03 | Create | Villager (Male) |
| 27:23 | Create | Monk |
| 27:24 | Create | Monk |
| 27:36 | Create | Villager (Male) |
| 27:38 | Build | Farm |
| 27:39 | Build | Farm |
| 27:42 | Build | Town Center |
| 27:45 | Create | Villager (Male) |
| 27:51 | Create | Monk |
| 28:02 | Create | Monk |
| 28:20 | Create | Villager (Male) |
| 28:20 | Create | Villager (Male) |
| 28:29 | Build | Monastery |
| 28:33 | Create | Monk |
| 28:33 | Create | Monk |
| 28:34 | Create | Villager (Male) |
Build order — FayDingaway
First 150 of 415 actions detected
| 0:01 | Create | Villager (Male) ×4 |
| 0:03 | Build | House |
| 0:05 | Build | House |
| 1:25 | Create | Villager (Male) |
| 1:25 | Create | Villager (Male) |
| 1:54 | Build | Lumber Camp |
| 1:55 | Create | Villager (Male) |
| 1:55 | Create | Villager (Male) |
| 2:21 | Create | Villager (Male) |
| 2:22 | Create | Villager (Male) |
| 2:55 | Create | Villager (Male) |
| 2:55 | Create | Villager (Male) |
| 3:30 | Build | House |
| 3:32 | Create | Villager (Male) |
| 3:32 | Create | Villager (Male) |
| 4:03 | Create | Villager (Male) |
| 4:24 | Build | Mill |
| 4:31 | Create | Villager (Male) |
| 4:54 | Create | Villager (Male) |
| 5:01 | Build | House |
| 5:03 | Create | Villager (Male) |
| 5:04 | Create | Villager (Male) |
| 5:10 | Build | House |
| 5:47 | Create | Villager (Male) |
| 5:58 | Create | Villager (Male) |
| 6:33 | Create | Villager (Male) |
| 6:40 | Build | Farm |
| 6:59 | Create | Villager (Male) |
| 7:28 | Create | Villager (Male) |
| 7:40 | Build | Mining Camp |
| 7:57 | Create | Villager (Male) |
| 8:07 | Research | Loom |
| 8:09 | Research | Feudal Age |
| 8:19 | Build | Palisade Wall |
| 8:23 | Build | Palisade Wall |
| 8:36 | Build | Palisade Wall |
| 8:52 | Build | Palisade Wall |
| 8:54 | Build | Palisade Wall |
| 9:17 | Build | Mining Camp |
| 9:31 | Create | Villager (Male) |
| 9:37 | Build | Palisade Wall |
| 9:39 | Build | Palisade Wall |
| 9:44 | Build | Palisade Wall |
| 9:45 | Build | Palisade Wall |
| 9:58 | Build | Palisade Wall |
| 10:17 | Build | Palisade Wall |
| 10:18 | Build | Palisade Wall |
| 10:19 | Build | Palisade Wall |
| 10:27 | Build | Palisade Wall |
| 10:42 | Age | Feudal Age |
| 10:49 | Create | Villager (Male) |
| 10:57 | Build | Watch Tower |
| 10:59 | Create | Villager (Male) |
| 11:20 | Build | Blacksmith |
| 11:37 | Build | House |
| 11:39 | Build | House |
| 11:56 | Create | Villager (Male) |
| 11:59 | Build | House |
| 12:03 | Research | Wheelbarrow |
| 12:19 | Build | Market |
| 12:23 | Create | Villager (Male) |
| 12:32 | Build | Watch Tower |
| 12:57 | Create | Villager (Male) |
| 13:31 | Build | Blacksmith |
| 13:42 | Create | Villager (Male) |
| 14:42 | Research | Castle Age |
| 15:24 | Build | Farm |
| 15:30 | Create | Villager (Male) |
| 15:40 | Research | Fletching |
| 15:57 | Create | Villager (Male) |
| 16:20 | Create | Villager (Male) |
| 16:26 | Build | House |
| 16:34 | Build | House |
| 16:46 | Research | Horse Collar |
| 17:18 | Build | Farm |
| 17:19 | Build | Farm |
| 17:19 | Build | Farm |
| 17:21 | Build | Farm |
| 17:22 | Age | Castle Age |
| 17:27 | Build | Monastery |
| 18:10 | Create | Monk |
| 18:18 | Research | Double-Bit Axe |
| 18:20 | Build | Siege Workshop |
| 18:21 | Create | Villager (Male) |
| 18:43 | Research | Fervor |
| 18:43 | Research | Fervor |
| 18:48 | Create | Villager (Male) |
| 19:20 | Create | Mangonel |
| 19:21 | Create | Villager (Male) |
| 19:31 | Build | Farm |
| 19:34 | Build | Farm |
| 19:37 | Create | Villager (Male) |
| 19:37 | Create | Villager (Male) |
| 19:58 | Build | House |
| 20:00 | Create | Villager (Male) |
| 20:13 | Create | Monk |
| 20:20 | Build | Farm |
| 20:24 | Build | Farm |
| 20:34 | Create | Villager (Male) |
| 20:51 | Create | Villager (Male) |
| 21:00 | Build | Gate |
| 21:35 | Create | Villager (Male) |
| 21:58 | Create | Villager (Male) |
| 22:07 | Create | Villager (Male) |
| 22:12 | Build | Town Center |
| 22:33 | Build | Stone Wall |
| 22:33 | Create | Villager (Male) |
| 22:36 | Build | Farm |
| 22:37 | Build | Farm |
| 22:40 | Research | Heavy Plow |
| 22:54 | Create | Villager (Male) |
| 23:00 | Build | House |
| 23:01 | Build | House |
| 23:26 | Create | Villager (Male) |
| 23:28 | Build | Town Center |
| 23:46 | Build | Farm |
| 23:48 | Create | Villager (Male) |
| 23:55 | Build | Farm |
| 23:56 | Create | Villager (Male) |
| 24:15 | Create | Villager (Male) |
| 24:15 | Create | Villager (Male) |
| 24:30 | Create | Villager (Male) |
| 24:30 | Create | Villager (Male) |
| 24:39 | Build | Town Center |
| 24:40 | Create | Villager (Male) |
| 24:44 | Build | Farm |
| 24:46 | Create | Villager (Male) |
| 24:58 | Build | Farm |
| 24:59 | Build | Farm |
| 25:10 | Create | Villager (Male) |
| 25:10 | Create | Villager (Male) |
| 25:13 | Create | Villager (Male) |
| 25:24 | Build | Farm |
| 25:25 | Create | Villager (Male) |
| 25:28 | Build | Farm |
| 25:30 | Create | Villager (Male) |
| 25:42 | Create | Villager (Male) |
| 25:49 | Create | Villager (Male) |
| 25:51 | Create | Villager (Male) |
| 25:52 | Build | Farm |
| 25:53 | Build | Farm |
| 26:15 | Build | Farm |
| 26:16 | Build | Farm |
| 26:20 | Create | Villager (Male) |
| 26:20 | Create | Villager (Male) |
| 26:25 | Create | Villager (Male) |
| 26:33 | Create | Villager (Male) |
| 26:40 | Create | Villager (Male) |
| 26:42 | Research | Hand Cart |
| 26:55 | Create | Villager (Male) |
Build order — 色狼英雄传
First 150 of 365 actions detected
| 0:01 | Create | Villager (Male) |
| 0:01 | Create | Villager (Male) |
| 0:02 | Build | House |
| 0:04 | Build | House |
| 0:11 | Create | Villager (Male) |
| 0:11 | Create | Villager (Male) |
| 0:11 | Create | Villager (Male) |
| 1:24 | Create | Villager (Male) |
| 1:33 | Build | House |
| 1:52 | Create | Villager (Male) |
| 2:16 | Create | Villager (Male) |
| 2:49 | Create | Villager (Male) |
| 3:16 | Create | Villager (Male) |
| 3:29 | Create | Villager (Male) |
| 3:32 | Build | Lumber Camp |
| 3:37 | Create | Villager (Male) |
| 3:37 | Create | Villager (Male) |
| 3:37 | Create | Villager (Male) |
| 3:44 | Create | Villager (Male) |
| 4:10 | Create | Villager (Male) |
| 4:10 | Create | Villager (Male) |
| 5:10 | Build | Mill |
| 5:16 | Build | Mill |
| 5:51 | Research | Feudal Age |
| 6:58 | Research | Loom |
| 6:59 | Create | Villager (Male) |
| 7:18 | Build | House |
| 7:38 | Build | Mining Camp |
| 8:01 | Age | Feudal Age |
| 8:05 | Build | Watch Tower |
| 8:20 | Research | Double-Bit Axe |
| 8:31 | Create | Villager (Male) |
| 8:58 | Create | Villager (Male) |
| 9:23 | Create | Villager (Male) |
| 9:38 | Build | Blacksmith |
| 9:47 | Build | House |
| 9:56 | Create | Villager (Male) |
| 10:04 | Build | Watch Tower |
| 10:16 | Research | Fletching |
| 10:16 | Research | Fletching |
| 10:17 | Create | Villager (Male) |
| 10:54 | Create | Villager (Male) |
| 11:03 | Build | House |
| 11:31 | Create | Villager (Male) |
| 11:31 | Create | Villager (Male) |
| 11:34 | Research | Horse Collar |
| 11:34 | Research | Horse Collar |
| 11:35 | Create | Villager (Male) |
| 12:14 | Create | Villager (Male) |
| 12:14 | Create | Villager (Male) |
| 12:21 | Build | Watch Tower |
| 12:41 | Create | Villager (Male) |
| 12:44 | Build | Farm |
| 12:45 | Build | Farm |
| 13:34 | Create | Villager (Male) |
| 14:10 | Create | Villager (Male) |
| 14:12 | Build | Farm |
| 14:13 | Build | Farm |
| 14:16 | Build | House |
| 14:55 | Create | Villager (Male) |
| 14:55 | Create | Villager (Male) |
| 14:57 | Build | Farm |
| 14:59 | Build | Farm |
| 15:01 | Build | Farm |
| 15:33 | Create | Villager (Male) |
| 15:35 | Build | Farm |
| 15:36 | Build | Farm |
| 15:38 | Build | Farm |
| 15:41 | Build | Farm |
| 15:42 | Create | Villager (Male) |
| 15:54 | Create | Villager (Male) |
| 15:57 | Build | Farm |
| 16:23 | Create | Villager (Male) |
| 16:26 | Build | Farm |
| 17:02 | Create | Villager (Male) |
| 17:13 | Build | Market |
| 17:34 | Build | Market |
| 17:40 | Create | Villager (Male) |
| 18:14 | Build | Lumber Camp |
| 18:20 | Build | Lumber Camp |
| 18:30 | Create | Villager (Male) |
| 18:45 | Build | House |
| 19:05 | Build | House |
| 19:19 | Research | Castle Age |
| 19:44 | Build | Lumber Camp |
| 19:52 | Build | House |
| 20:13 | Build | House |
| 20:50 | Research | Stone Mining |
| 20:50 | Research | Stone Mining |
| 21:29 | Build | House |
| 21:59 | Age | Castle Age |
| 21:59 | Create | Villager (Male) |
| 22:00 | Create | Villager (Male) |
| 22:15 | Research | Heavy Plow |
| 22:17 | Research | Bow Saw |
| 22:21 | Build | Farm |
| 22:22 | Build | Farm |
| 22:30 | Build | Town Center |
| 22:33 | Create | Villager (Male) |
| 22:58 | Create | Villager (Male) |
| 23:14 | Build | Town Center |
| 23:17 | Create | Villager (Male) |
| 23:18 | Create | Villager (Male) |
| 23:49 | Build | Town Center |
| 24:04 | Create | Villager (Male) |
| 24:04 | Create | Villager (Male) |
| 24:25 | Create | Villager (Male) |
| 24:25 | Create | Villager (Male) |
| 24:26 | Create | Villager (Male) |
| 24:30 | Build | House |
| 24:31 | Build | House |
| 24:31 | Build | House |
| 24:32 | Build | House |
| 24:35 | Create | Villager (Male) |
| 24:36 | Create | Villager (Male) |
| 24:39 | Build | Farm |
| 24:40 | Build | Farm |
| 24:41 | Build | Farm |
| 24:48 | Research | Wheelbarrow |
| 24:48 | Research | Wheelbarrow |
| 24:52 | Build | Farm |
| 24:53 | Build | Farm |
| 24:53 | Build | Farm |
| 24:53 | Build | Farm |
| 24:53 | Build | Farm |
| 24:54 | Build | Farm |
| 25:02 | Create | Villager (Male) |
| 25:02 | Create | Villager (Male) |
| 25:19 | Build | Farm |
| 25:21 | Build | Farm |
| 25:26 | Build | Outpost |
| 25:28 | Create | Villager (Male) |
| 25:28 | Create | Villager (Male) |
| 25:29 | Create | Villager (Male) |
| 25:31 | Build | Farm |
| 25:37 | Create | Villager (Male) |
| 25:37 | Create | Villager (Male) |
| 25:42 | Build | Farm |
| 25:43 | Build | Farm |
| 25:46 | Build | Farm |
| 25:47 | Build | Farm |
| 25:49 | Build | Farm |
| 25:52 | Create | Villager (Male) |
| 25:54 | Create | Villager (Male) |
| 25:56 | Create | Villager (Male) |
| 25:56 | Create | Villager (Male) |
| 26:18 | Build | Castle |
| 26:20 | Create | Villager (Male) |
| 26:20 | Create | Villager (Male) |
| 26:20 | Create | Villager (Male) |
Build order — 带带大师兄
First 150 of 588 actions detected
| 0:01 | Create | Villager (Male) |
| 0:01 | Create | Villager (Male) |
| 0:03 | Build | House |
| 0:04 | Build | House |
| 0:06 | Build | House |
| 0:21 | Create | Villager (Male) |
| 0:22 | Create | Villager (Male) |
| 0:22 | Create | Villager (Male) |
| 1:27 | Create | Villager (Male) |
| 1:27 | Create | Villager (Male) |
| 1:49 | Build | Lumber Camp |
| 1:58 | Create | Villager (Male) |
| 1:58 | Create | Villager (Male) |
| 2:09 | Create | Villager (Male) |
| 2:10 | Create | Villager (Male) |
| 2:26 | Create | Villager (Male) |
| 2:26 | Create | Villager (Male) |
| 2:49 | Create | Villager (Male) |
| 2:49 | Create | Villager (Male) |
| 3:15 | Create | Villager (Male) |
| 3:15 | Create | Villager (Male) |
| 3:27 | Create | Villager (Male) |
| 3:27 | Create | Villager (Male) |
| 3:41 | Build | Mill |
| 3:52 | Build | House |
| 3:57 | Create | Villager (Male) |
| 3:58 | Create | Villager (Male) |
| 4:15 | Create | Villager (Male) |
| 4:15 | Create | Villager (Male) |
| 4:20 | Build | House |
| 4:31 | Build | House |
| 4:33 | Create | Villager (Male) |
| 4:33 | Create | Villager (Male) |
| 5:00 | Create | Villager (Male) |
| 5:01 | Create | Villager (Male) |
| 5:19 | Create | Villager (Male) |
| 5:19 | Create | Villager (Male) |
| 5:34 | Create | Villager (Male) |
| 5:34 | Create | Villager (Male) |
| 5:51 | Create | Villager (Male) |
| 5:51 | Create | Villager (Male) |
| 5:59 | Create | Villager (Male) |
| 5:59 | Create | Villager (Male) |
| 6:15 | Create | Villager (Male) |
| 6:15 | Create | Villager (Male) |
| 6:39 | Build | House |
| 6:50 | Create | Villager (Male) |
| 6:51 | Create | Villager (Male) |
| 6:51 | Create | Villager (Male) |
| 6:51 | Create | Villager (Male) |
| 7:08 | Build | Farm |
| 7:10 | Build | Farm |
| 7:32 | Create | Villager (Male) |
| 7:32 | Create | Villager (Male) |
| 7:54 | Create | Villager (Male) |
| 8:12 | Research | Feudal Age |
| 9:43 | Create | Villager (Male) |
| 9:44 | Create | Villager (Male) |
| 10:31 | Age | Feudal Age |
| 10:33 | Build | Market |
| 10:35 | Build | Blacksmith |
| 10:45 | Research | Double-Bit Axe |
| 11:26 | Research | Castle Age |
| 11:26 | Research | Castle Age |
| 11:29 | Research | Horse Collar |
| 11:29 | Research | Horse Collar |
| 11:47 | Build | Farm |
| 12:09 | Build | Farm |
| 12:14 | Build | Farm |
| 12:19 | Build | Farm |
| 12:28 | Build | Farm |
| 12:36 | Build | Farm |
| 13:17 | Build | House |
| 13:22 | Build | House |
| 13:48 | Create | Villager (Male) |
| 13:48 | Create | Villager (Male) |
| 13:48 | Create | Villager (Male) |
| 14:06 | Age | Castle Age |
| 14:08 | Build | Town Center |
| 14:16 | Create | Villager (Male) |
| 14:28 | Build | Town Center |
| 14:33 | Create | Villager (Male) |
| 14:33 | Create | Villager (Male) |
| 14:48 | Research | Bow Saw |
| 14:49 | Research | Bow Saw |
| 15:18 | Create | Villager (Male) |
| 15:20 | Build | Farm |
| 15:24 | Create | Villager (Male) |
| 15:28 | Build | Farm |
| 15:34 | Build | Farm |
| 15:52 | Build | Farm |
| 15:55 | Create | Villager (Male) |
| 15:55 | Create | Villager (Male) |
| 15:56 | Create | Villager (Male) |
| 16:05 | Research | Wheelbarrow |
| 16:05 | Research | Wheelbarrow |
| 16:06 | Create | Villager (Male) |
| 16:06 | Create | Villager (Male) |
| 16:07 | Create | Villager (Male) |
| 16:13 | Create | Villager (Male) |
| 16:13 | Create | Villager (Male) |
| 16:15 | Build | House |
| 16:18 | Build | Farm |
| 16:27 | Build | Farm |
| 16:28 | Create | Villager (Male) |
| 16:29 | Create | Villager (Male) |
| 16:32 | Build | Farm |
| 16:37 | Create | Villager (Male) |
| 16:38 | Build | Farm |
| 16:43 | Create | Villager (Male) |
| 16:47 | Build | Farm |
| 16:56 | Build | Farm |
| 17:03 | Build | Farm |
| 17:06 | Create | Villager (Male) |
| 17:06 | Create | Villager (Male) |
| 17:11 | Build | Farm |
| 17:15 | Create | Villager (Male) |
| 17:15 | Create | Villager (Male) |
| 17:22 | Build | House |
| 17:23 | Build | House |
| 17:23 | Create | Villager (Male) |
| 17:23 | Create | Villager (Male) |
| 17:34 | Create | Villager (Male) |
| 17:35 | Create | Villager (Male) |
| 17:44 | Create | Villager (Male) |
| 17:44 | Create | Villager (Male) |
| 18:01 | Build | Town Center |
| 18:07 | Create | Villager (Male) |
| 18:09 | Build | Farm |
| 18:11 | Create | Villager (Male) |
| 18:12 | Create | Villager (Male) |
| 18:12 | Create | Villager (Male) |
| 18:20 | Build | Farm |
| 18:24 | Build | House |
| 18:24 | Create | Villager (Male) |
| 18:30 | Create | Villager (Male) |
| 18:30 | Create | Villager (Male) |
| 18:32 | Build | Farm |
| 18:39 | Build | Farm |
| 18:49 | Build | Farm |
| 18:51 | Create | Villager (Male) |
| 18:51 | Create | Villager (Male) |
| 18:53 | Build | House |
| 19:05 | Build | Farm |
| 19:06 | Build | Farm |
| 19:15 | Build | Farm |
| 19:16 | Create | Villager (Male) |
| 19:16 | Create | Villager (Male) |
| 19:16 | Create | Villager (Male) |
| 19:17 | Create | Villager (Male) |
Build order — YanShiba
First 150 of 661 actions detected
| 0:00 | Create | Villager (Male) |
| 0:01 | Create | Villager (Male) |
| 0:02 | Build | House |
| 0:05 | Build | House |
| 0:20 | Create | Villager (Male) |
| 0:21 | Create | Villager (Male) |
| 1:26 | Create | Villager (Male) |
| 1:50 | Create | Villager (Male) |
| 1:50 | Create | Villager (Male) |
| 2:23 | Create | Villager (Male) |
| 2:24 | Create | Villager (Male) |
| 2:28 | Build | Lumber Camp |
| 2:56 | Create | Villager (Male) |
| 3:40 | Create | Villager (Male) |
| 3:40 | Create | Villager (Male) |
| 3:56 | Build | House |
| 3:57 | Build | House |
| 4:25 | Create | Villager (Male) |
| 4:35 | Create | Villager (Male) |
| 4:36 | Create | Villager (Male) |
| 4:36 | Create | Villager (Male) |
| 4:41 | Build | House |
| 5:19 | Build | Mill |
| 5:27 | Create | Villager (Male) |
| 6:04 | Create | Villager (Male) |
| 6:40 | Create | Villager (Male) |
| 7:00 | Create | Villager (Male) |
| 7:09 | Build | Mining Camp |
| 7:29 | Research | Feudal Age |
| 9:16 | Create | Villager (Male) |
| 9:16 | Create | Villager (Male) |
| 9:40 | Age | Feudal Age |
| 9:43 | Build | Market |
| 9:47 | Build | Blacksmith |
| 10:37 | Research | Castle Age |
| 10:37 | Research | Castle Age |
| 11:07 | Build | Farm |
| 11:33 | Build | Farm |
| 11:35 | Research | Double-Bit Axe |
| 12:21 | Build | Farm |
| 13:17 | Age | Castle Age |
| 13:27 | Create | Villager (Male) |
| 13:28 | Create | Villager (Male) |
| 13:29 | Build | Town Center |
| 13:33 | Build | Town Center |
| 14:01 | Research | Bow Saw |
| 14:20 | Create | Villager (Male) |
| 14:21 | Create | Villager (Male) |
| 14:47 | Build | Farm |
| 14:49 | Build | Farm |
| 15:00 | Create | Villager (Male) |
| 15:03 | Create | Villager (Male) |
| 15:04 | Create | Villager (Male) |
| 15:05 | Create | Villager (Male) |
| 15:05 | Create | Villager (Male) |
| 15:10 | Build | Farm |
| 15:12 | Build | Farm |
| 15:21 | Build | House |
| 15:22 | Build | House |
| 15:32 | Create | Villager (Male) |
| 15:33 | Build | Farm |
| 15:36 | Build | Farm |
| 15:45 | Build | Farm |
| 15:53 | Build | Farm |
| 15:55 | Create | Villager (Male) |
| 16:10 | Build | Farm |
| 16:12 | Create | Villager (Male) |
| 16:16 | Build | Farm |
| 16:21 | Build | Farm |
| 16:27 | Create | Villager (Male) |
| 16:31 | Build | House |
| 16:31 | Build | House |
| 16:39 | Create | Villager (Male) |
| 16:41 | Build | Farm |
| 16:52 | Build | Farm |
| 16:53 | Build | Farm |
| 16:57 | Build | House |
| 16:57 | Build | House |
| 17:00 | Create | Villager (Male) |
| 17:00 | Create | Villager (Male) |
| 17:01 | Create | Villager (Male) |
| 17:13 | Create | Villager (Male) |
| 17:14 | Create | Villager (Male) |
| 17:30 | Create | Villager (Male) |
| 17:34 | Build | Town Center |
| 17:36 | Create | Villager (Male) |
| 17:44 | Build | Farm |
| 17:51 | Create | Villager (Male) |
| 17:54 | Build | Farm |
| 17:57 | Create | Villager (Male) |
| 18:07 | Create | Villager (Male) |
| 18:07 | Create | Villager (Male) |
| 18:11 | Build | Farm |
| 18:14 | Build | Farm |
| 18:17 | Create | Villager (Male) |
| 18:19 | Create | Villager (Male) |
| 18:22 | Build | Farm |
| 18:36 | Create | Villager (Male) |
| 18:37 | Build | Farm |
| 18:43 | Create | Villager (Male) |
| 18:43 | Create | Villager (Male) |
| 18:46 | Build | Farm |
| 18:49 | Build | Farm |
| 18:50 | Build | Farm |
| 18:51 | Create | Villager (Male) |
| 18:54 | Build | Farm |
| 18:55 | Build | Farm |
| 18:57 | Build | Farm |
| 19:06 | Create | Villager (Male) |
| 19:06 | Create | Villager (Male) |
| 19:07 | Create | Villager (Male) |
| 19:10 | Build | Farm |
| 19:23 | Create | Villager (Male) |
| 19:23 | Create | Villager (Male) |
| 19:26 | Build | Farm |
| 19:27 | Build | Farm |
| 19:38 | Build | Farm |
| 19:48 | Create | Villager (Male) |
| 19:49 | Create | Villager (Male) |
| 19:49 | Create | Villager (Male) |
| 19:50 | Create | Villager (Male) |
| 19:54 | Build | Farm |
| 19:54 | Build | Farm |
| 20:02 | Create | Villager (Male) |
| 20:03 | Create | Villager (Male) |
| 20:03 | Create | Villager (Male) |
| 20:12 | Create | Villager (Male) |
| 20:14 | Build | Farm |
| 20:15 | Build | Farm |
| 20:16 | Build | Farm |
| 20:20 | Research | Wheelbarrow |
| 20:27 | Create | Villager (Male) |
| 20:27 | Create | Villager (Male) |
| 20:28 | Create | Villager (Male) |
| 20:30 | Build | Mill |
| 20:31 | Build | Farm |
| 20:37 | Build | Farm |
| 20:44 | Create | Villager (Male) |
| 20:44 | Create | Villager (Male) |
| 20:47 | Build | Farm |
| 20:58 | Create | Villager (Male) |
| 20:58 | Create | Villager (Male) |
| 21:00 | Build | Farm |
| 21:02 | Build | Farm |
| 21:11 | Create | Villager (Male) |
| 21:12 | Build | Farm |
| 21:13 | Build | Farm |
| 21:15 | Build | Farm |
| 21:16 | Build | Farm |
| 21:16 | Build | Farm |
Build order — 阿呆
First 150 of 447 actions detected
| 0:01 | Create | Villager (Male) |
| 0:01 | Create | Villager (Male) |
| 0:02 | Build | House |
| 0:03 | Build | House |
| 0:05 | Create | Villager (Male) |
| 0:11 | Create | Villager (Male) |
| 1:12 | Create | Villager (Male) |
| 1:43 | Create | Villager (Male) |
| 2:07 | Create | Villager (Male) |
| 2:16 | Build | Lumber Camp |
| 2:25 | Create | Villager (Male) |
| 3:03 | Create | Villager (Male) |
| 3:21 | Create | Villager (Male) |
| 3:44 | Create | Villager (Male) |
| 3:55 | Build | House |
| 4:06 | Create | Villager (Male) |
| 4:18 | Build | Mill |
| 4:25 | Create | Villager (Male) |
| 4:31 | Build | House |
| 4:35 | Create | Villager (Male) |
| 4:44 | Build | House |
| 4:51 | Create | Villager (Male) |
| 5:28 | Create | Villager (Male) |
| 5:47 | Create | Villager (Male) |
| 6:03 | Create | Villager (Male) |
| 6:33 | Create | Villager (Male) |
| 7:09 | Build | Farm |
| 7:22 | Create | Villager (Male) |
| 8:01 | Build | Mining Camp |
| 8:04 | Build | Mining Camp |
| 8:05 | Create | Villager (Male) |
| 8:22 | Research | Loom |
| 8:32 | Build | Mining Camp |
| 8:35 | Research | Feudal Age |
| 8:55 | Build | Palisade Wall |
| 9:15 | Build | Palisade Wall |
| 9:24 | Create | Villager (Male) |
| 9:25 | Create | Villager (Male) |
| 9:47 | Build | Palisade Wall |
| 9:58 | Build | Palisade Wall |
| 10:19 | Build | Palisade Wall |
| 10:22 | Build | Palisade Wall |
| 10:23 | Build | Palisade Wall |
| 10:46 | Build | House |
| 11:21 | Age | Feudal Age |
| 11:25 | Build | Stone Wall |
| 11:27 | Build | Stone Wall |
| 11:31 | Create | Villager (Male) |
| 11:34 | Build | Market |
| 12:02 | Create | Villager (Male) |
| 12:23 | Build | Stone Wall |
| 12:30 | Build | Blacksmith |
| 12:55 | Build | House |
| 13:13 | Research | Double-Bit Axe |
| 13:14 | Research | Castle Age |
| 13:14 | Research | Castle Age |
| 13:56 | Research | Horse Collar |
| 14:00 | Build | Farm |
| 14:31 | Build | Farm |
| 14:35 | Build | Farm |
| 14:47 | Create | Villager (Male) |
| 15:22 | Build | Farm |
| 15:30 | Build | Farm |
| 15:51 | Build | Farm |
| 15:52 | Build | Farm |
| 15:53 | Age | Castle Age |
| 15:55 | Build | Farm |
| 15:59 | Build | Castle |
| 16:00 | Create | Villager (Male) |
| 16:19 | Create | Villager (Male) |
| 16:30 | Build | House |
| 16:37 | Build | Gate |
| 16:44 | Create | Villager (Male) |
| 17:01 | Create | Ratha (Ranged) |
| 17:10 | Create | Villager (Male) |
| 17:28 | Create | Villager (Male) |
| 17:57 | Create | Ratha (Ranged) |
| 18:00 | Create | Villager (Male) |
| 18:27 | Create | Villager (Male) |
| 18:40 | Create | Ratha (Ranged) |
| 18:46 | Build | House |
| 18:52 | Create | Ratha (Ranged) |
| 18:53 | Build | Farm |
| 18:56 | Create | Villager (Male) |
| 19:09 | Build | Town Center |
| 19:14 | Create | Ratha (Ranged) |
| 19:16 | Create | Villager (Male) |
| 19:18 | Build | Farm |
| 19:20 | Build | House |
| 19:37 | Research | Bow Saw |
| 19:52 | Create | Villager (Male) |
| 19:57 | Build | Farm |
| 20:08 | Build | Stone Wall |
| 20:11 | Create | Villager (Male) |
| 20:20 | Build | Town Center |
| 20:25 | Create | Villager (Male) |
| 20:25 | Create | Villager (Male) |
| 20:29 | Build | Farm |
| 20:31 | Build | Farm |
| 20:41 | Create | Petard |
| 20:41 | Create | Petard |
| 20:49 | Build | Farm |
| 20:52 | Create | Villager (Male) |
| 20:59 | Build | Farm |
| 21:06 | Create | Villager (Male) |
| 21:08 | Build | Farm |
| 21:19 | Build | House |
| 21:21 | Create | Villager (Male) |
| 21:21 | Create | Villager (Male) |
| 21:26 | Create | Villager (Male) |
| 21:31 | Build | Farm |
| 21:32 | Build | Farm |
| 21:43 | Create | Villager (Male) |
| 21:43 | Create | Villager (Male) |
| 21:48 | Build | Lumber Camp |
| 21:50 | Create | Villager (Male) |
| 21:55 | Build | House |
| 22:01 | Create | Ratha (Ranged) |
| 22:06 | Create | Villager (Male) |
| 22:13 | Build | Farm |
| 22:13 | Build | Farm |
| 22:17 | Create | Villager (Male) |
| 22:18 | Create | Villager (Male) |
| 22:19 | Build | Farm |
| 22:26 | Create | Villager (Male) |
| 22:27 | Create | Villager (Male) |
| 22:30 | Build | House |
| 22:31 | Build | House |
| 22:41 | Create | Ratha (Ranged) |
| 22:44 | Create | Villager (Male) |
| 22:46 | Build | Farm |
| 22:51 | Create | Villager (Male) |
| 22:57 | Create | Villager (Male) |
| 22:57 | Create | Villager (Male) |
| 23:04 | Create | Ratha (Ranged) |
| 23:06 | Create | Villager (Male) |
| 23:07 | Build | Farm |
| 23:08 | Build | Farm |
| 23:18 | Create | Villager (Male) |
| 23:19 | Build | Farm |
| 23:20 | Create | Ratha (Ranged) |
| 23:24 | Create | Villager (Male) |
| 23:25 | Create | Villager (Male) |
| 23:34 | Build | Farm |
| 23:38 | Create | Villager (Male) |
| 23:39 | Build | House |
| 23:47 | Create | Villager (Male) |
| 23:51 | Build | Town Center |
| 24:03 | Create | Villager (Male) |
| 24:09 | Create | Villager (Male) |
Build order — A spoon full of love
First 150 of 451 actions detected
| 0:01 | Create | Villager (Male) |
| 0:01 | Create | Villager (Male) |
| 0:01 | Create | Villager (Male) |
| 0:02 | Create | Villager (Male) |
| 0:03 | Build | House |
| 0:04 | Build | House |
| 1:35 | Create | Villager (Male) |
| 2:01 | Build | Lumber Camp |
| 2:08 | Create | Villager (Male) |
| 2:25 | Create | Villager (Male) |
| 2:56 | Research | Double-Bit Axe |
| 2:58 | Create | Villager (Male) |
| 3:24 | Create | Villager (Male) |
| 3:40 | Build | House |
| 3:40 | Build | House |
| 3:42 | Build | House |
| 3:45 | Create | Villager (Male) |
| 3:45 | Create | Villager (Male) |
| 4:09 | Create | Villager (Male) |
| 4:22 | Build | House |
| 4:43 | Create | Villager (Male) |
| 4:43 | Create | Villager (Male) |
| 4:43 | Create | Villager (Male) |
| 4:44 | Create | Villager (Male) |
| 5:05 | Build | Mill |
| 5:11 | Create | Villager (Male) |
| 5:12 | Create | Villager (Male) |
| 5:12 | Create | Villager (Male) |
| 6:03 | Create | Villager (Male) |
| 6:03 | Create | Villager (Male) |
| 6:03 | Create | Villager (Male) |
| 6:55 | Build | Lumber Camp |
| 7:05 | Research | Horse Collar |
| 7:16 | Build | Farm |
| 7:27 | Create | Villager (Male) |
| 7:53 | Create | Villager (Male) |
| 8:15 | Create | Villager (Male) |
| 8:21 | Build | Farm |
| 8:24 | Build | Farm |
| 8:55 | Create | Villager (Male) |
| 8:55 | Create | Villager (Male) |
| 8:56 | Create | Villager (Male) |
| 9:01 | Build | Farm |
| 9:08 | Build | Farm |
| 9:48 | Build | Mining Camp |
| 9:53 | Research | Feudal Age |
| 10:16 | Build | House |
| 10:18 | Build | House |
| 10:31 | Build | Barracks |
| 11:45 | Create | Villager (Male) |
| 11:46 | Create | Villager (Male) |
| 12:20 | Age | Feudal Age |
| 12:22 | Build | Market |
| 12:24 | Build | Stable |
| 13:17 | Research | Castle Age |
| 13:18 | Research | Castle Age |
| 13:21 | Build | House |
| 13:21 | Build | House |
| 13:22 | Build | House |
| 13:23 | Build | House |
| 13:27 | Research | Bow Saw |
| 13:30 | Create | Scout Cavalry |
| 13:46 | Create | Scout Cavalry |
| 14:07 | Research | Heavy Plow |
| 14:38 | Create | Villager (Male) |
| 14:51 | Create | Scout Cavalry |
| 14:55 | Build | Farm |
| 14:57 | Build | Farm |
| 14:59 | Build | Farm |
| 15:00 | Build | Farm |
| 15:03 | Build | Farm |
| 15:17 | Build | House |
| 15:18 | Build | House |
| 15:43 | Create | Scout Cavalry |
| 15:44 | Create | Villager (Male) |
| 15:57 | Age | Castle Age |
| 16:02 | Build | Town Center |
| 16:05 | Build | Monastery |
| 16:22 | Research | Light Cavalry (upgrade) |
| 16:49 | Create | Villager (Male) |
| 16:50 | Create | Villager (Male) |
| 16:50 | Create | Villager (Male) |
| 16:51 | Create | Monk |
| 16:51 | Create | Monk |
| 16:51 | Create | Monk |
| 16:58 | Build | Town Center |
| 17:27 | Create | Villager (Male) |
| 17:32 | Build | Farm |
| 17:32 | Build | Farm |
| 17:33 | Build | Farm |
| 17:37 | Create | Villager (Male) |
| 17:37 | Create | Villager (Male) |
| 18:02 | Create | Villager (Male) |
| 18:03 | Create | Villager (Male) |
| 18:07 | Build | Farm |
| 18:09 | Build | Farm |
| 18:15 | Build | Farm |
| 18:24 | Create | Monk |
| 18:25 | Create | Villager (Male) |
| 18:27 | Create | Villager (Male) |
| 18:27 | Create | Villager (Male) |
| 18:28 | Create | Villager (Male) |
| 18:28 | Create | Villager (Male) |
| 18:32 | Build | Farm |
| 18:57 | Create | Monk |
| 19:01 | Create | Villager (Male) |
| 19:01 | Create | Villager (Male) |
| 19:02 | Create | Villager (Male) |
| 19:05 | Build | Farm |
| 19:06 | Build | Farm |
| 19:07 | Build | Farm |
| 19:09 | Build | Farm |
| 19:11 | Build | Farm |
| 19:40 | Create | Villager (Male) |
| 19:42 | Create | Villager (Male) |
| 19:42 | Create | Villager (Male) |
| 19:44 | Build | Farm |
| 19:45 | Build | Farm |
| 19:46 | Build | Farm |
| 19:49 | Build | Farm |
| 19:58 | Create | Villager (Male) |
| 19:59 | Build | Farm |
| 20:02 | Research | Wheelbarrow |
| 20:03 | Research | Loom |
| 20:45 | Create | Villager (Male) |
| 20:45 | Create | Villager (Male) |
| 20:46 | Create | Villager (Male) |
| 20:46 | Create | Villager (Male) |
| 20:48 | Build | Farm |
| 20:48 | Build | Farm |
| 20:55 | Research | Crop Rotation |
| 21:28 | Create | Villager (Male) |
| 21:29 | Create | Villager (Male) |
| 21:29 | Create | Villager (Male) |
| 21:30 | Create | Villager (Male) |
| 21:30 | Create | Villager (Male) |
| 21:35 | Build | Town Center |
| 21:39 | Build | House |
| 21:40 | Build | House |
| 21:41 | Build | House |
| 21:42 | Build | House |
| 21:44 | Build | House |
| 21:44 | Build | House |
| 22:04 | Create | Villager (Male) |
| 22:04 | Create | Villager (Male) |
| 22:04 | Create | Villager (Male) |
| 22:27 | Create | Scout Cavalry |
| 22:28 | Create | Villager (Male) |
| 22:28 | Create | Villager (Male) |
| 22:29 | Research | Hand Cart |
Build order — 啥牌子的
First 150 of 618 actions detected
| 0:04 | Create | Villager (Male) |
| 0:04 | Create | Villager (Male) |
| 0:04 | Create | Villager (Male) |
| 0:04 | Create | Villager (Male) |
| 0:05 | Build | House |
| 0:07 | Build | House |
| 0:49 | Create | Villager (Male) |
| 0:49 | Create | Villager (Male) |
| 1:25 | Create | Villager (Male) |
| 1:25 | Create | Villager (Male) |
| 1:44 | Build | Lumber Camp |
| 1:57 | Create | Villager (Male) |
| 1:57 | Create | Villager (Male) |
| 2:35 | Create | Villager (Male) |
| 2:35 | Create | Villager (Male) |
| 2:35 | Create | Villager (Male) |
| 2:35 | Create | Villager (Male) |
| 3:17 | Create | Villager (Male) |
| 3:17 | Create | Villager (Male) |
| 3:20 | Build | House |
| 3:21 | Build | House |
| 3:21 | Build | House |
| 3:22 | Build | House |
| 3:22 | Build | House |
| 3:32 | Create | Villager (Male) |
| 3:32 | Create | Villager (Male) |
| 3:46 | Build | House |
| 3:48 | Create | Villager (Male) |
| 3:48 | Create | Villager (Male) |
| 3:48 | Create | Villager (Male) |
| 4:54 | Build | Mill |
| 5:06 | Create | Villager (Male) |
| 5:08 | Create | Villager (Male) |
| 5:08 | Create | Villager (Male) |
| 5:08 | Create | Villager (Male) |
| 5:08 | Create | Villager (Male) |
| 5:11 | Create | Villager (Male) |
| 5:11 | Create | Villager (Male) |
| 5:50 | Build | Mining Camp |
| 6:52 | Create | Villager (Male) |
| 6:54 | Create | Villager (Male) |
| 6:56 | Build | Lumber Camp |
| 8:07 | Research | Feudal Age |
| 8:29 | Build | Farm |
| 8:32 | Build | Farm |
| 8:34 | Build | Farm |
| 9:24 | Create | Villager (Male) |
| 9:24 | Create | Villager (Male) |
| 9:42 | Build | Farm |
| 10:28 | Age | Feudal Age |
| 10:31 | Build | Market |
| 10:44 | Build | Blacksmith |
| 11:25 | Research | Castle Age |
| 11:25 | Research | Castle Age |
| 12:20 | Research | Double-Bit Axe |
| 12:23 | Research | Horse Collar |
| 12:55 | Create | Villager (Male) |
| 12:55 | Create | Villager (Male) |
| 13:00 | Build | House |
| 13:01 | Build | House |
| 13:03 | Build | House |
| 13:50 | Age | Castle Age |
| 13:53 | Build | Town Center |
| 14:14 | Build | Town Center |
| 14:23 | Create | Villager (Male) |
| 14:24 | Research | Bow Saw |
| 14:26 | Create | Villager (Male) |
| 14:58 | Create | Villager (Male) |
| 15:03 | Research | Heavy Plow |
| 15:09 | Create | Villager (Male) |
| 15:23 | Create | Villager (Male) |
| 15:35 | Build | Farm |
| 15:37 | Build | Farm |
| 15:39 | Build | Farm |
| 15:41 | Create | Villager (Male) |
| 15:44 | Create | Villager (Male) |
| 15:46 | Build | Farm |
| 15:49 | Create | Villager (Male) |
| 15:56 | Build | Farm |
| 16:06 | Build | Farm |
| 16:15 | Build | Farm |
| 16:16 | Create | Villager (Male) |
| 16:16 | Create | Villager (Male) |
| 16:19 | Build | Farm |
| 16:22 | Create | Villager (Male) |
| 16:40 | Build | Farm |
| 16:44 | Create | Villager (Male) |
| 16:45 | Build | Farm |
| 16:49 | Build | Farm |
| 16:56 | Create | Villager (Male) |
| 16:56 | Create | Villager (Male) |
| 17:04 | Build | Farm |
| 17:11 | Build | Farm |
| 17:12 | Create | Villager (Male) |
| 17:12 | Create | Villager (Male) |
| 17:25 | Create | Villager (Male) |
| 17:25 | Create | Villager (Male) |
| 17:32 | Build | Town Center |
| 17:34 | Create | Villager (Male) |
| 17:35 | Create | Villager (Male) |
| 17:38 | Build | House |
| 17:40 | Build | House |
| 17:40 | Build | House |
| 17:42 | Build | House |
| 17:45 | Build | Farm |
| 17:52 | Create | Villager (Male) |
| 17:56 | Create | Villager (Male) |
| 18:01 | Create | Villager (Male) |
| 18:04 | Build | Farm |
| 18:06 | Create | Villager (Male) |
| 18:06 | Create | Villager (Male) |
| 18:10 | Build | Farm |
| 18:11 | Build | Farm |
| 18:16 | Build | Farm |
| 18:22 | Create | Villager (Male) |
| 18:23 | Create | Villager (Male) |
| 18:27 | Build | Farm |
| 18:32 | Build | Farm |
| 18:35 | Create | Villager (Male) |
| 18:35 | Create | Villager (Male) |
| 18:35 | Create | Villager (Male) |
| 18:36 | Create | Villager (Male) |
| 18:36 | Create | Villager (Male) |
| 18:36 | Create | Villager (Male) |
| 18:52 | Create | Villager (Male) |
| 18:56 | Create | Villager (Male) |
| 18:56 | Create | Villager (Male) |
| 18:56 | Create | Villager (Male) |
| 19:00 | Build | Farm |
| 19:02 | Build | Farm |
| 19:03 | Create | Villager (Male) |
| 19:03 | Create | Villager (Male) |
| 19:05 | Build | Farm |
| 19:12 | Create | Villager (Male) |
| 19:12 | Create | Villager (Male) |
| 19:14 | Build | Farm |
| 19:20 | Create | Villager (Male) |
| 19:20 | Create | Villager (Male) |
| 19:28 | Build | House |
| 19:29 | Build | House |
| 19:30 | Create | Villager (Male) |
| 19:30 | Create | Villager (Male) |
| 19:31 | Create | Villager (Male) |
| 19:31 | Create | Villager (Male) |
| 19:33 | Build | Farm |
| 19:37 | Build | Farm |
| 19:37 | Create | Villager (Male) |
| 19:38 | Create | Villager (Male) |
| 19:41 | Build | Farm |
| 19:45 | Build | Farm |
Match timeline
| 8:01 | 色狼英雄传 · age_up feudal |
| 8:19 | FayDingaway · wall_segment Palisade Wall x1 |
| 8:23 | FayDingaway · wall_segment Palisade Wall x4 |
| 8:31 | 2KM1 · age_up feudal |
| 8:36 | FayDingaway · wall_segment Palisade Wall x8 |
| 8:52 | FayDingaway · wall_segment Palisade Wall x1 |
| 8:54 | FayDingaway · wall_segment Palisade Wall x1 |
| 8:55 | 阿呆 · wall_segment Palisade Wall x15 |
| 9:15 | 阿呆 · wall_segment Palisade Wall x1 |
| 9:37 | FayDingaway · wall_segment Palisade Wall x8 |
| 9:39 | FayDingaway · wall_segment Palisade Wall x1 |
| 9:40 | YanShiba · age_up feudal |
| 9:44 | FayDingaway · wall_segment Palisade Wall x1 |
| 9:45 | FayDingaway · wall_segment Palisade Wall x1 |
| 9:47 | 阿呆 · wall_segment Palisade Wall x6 |
| 9:58 | FayDingaway · wall_segment Palisade Wall x1 |
| 9:58 | 阿呆 · wall_segment Palisade Wall x9 |
| 10:17 | FayDingaway · wall_segment Palisade Wall x1 |
| 10:18 | FayDingaway · wall_segment Palisade Wall x1 |
| 10:19 | FayDingaway · wall_segment Palisade Wall x1 |
| 10:19 | 阿呆 · wall_segment Palisade Wall x3 |
| 10:22 | 阿呆 · wall_segment Palisade Wall x1 |
| 10:23 | 阿呆 · wall_segment Palisade Wall x1 |
| 10:27 | FayDingaway · wall_segment Palisade Wall x4 |
| 10:28 | 啥牌子的 · age_up feudal |
| 10:31 | 带带大师兄 · age_up feudal |
| 10:31 | A spoon full of love · first_building Barracks |
| 10:42 | FayDingaway · age_up feudal |
| 11:21 | 阿呆 · age_up feudal |
| 11:25 | 阿呆 · wall_segment Stone Wall x8 |
| 11:27 | 阿呆 · wall_segment Stone Wall x2 |
| 12:20 | A spoon full of love · age_up feudal |
| 12:23 | 阿呆 · wall_segment Stone Wall x4 |
| 12:24 | A spoon full of love · first_building Stable |
| 13:17 | YanShiba · age_up castle |
| 13:50 | 啥牌子的 · age_up castle |
| 13:51 | FayDingaway · first_market_buy 100 food |
| 13:59 | YanShiba · first_market_buy 100 wood |
| 14:06 | 带带大师兄 · age_up castle |
| 14:36 | 2KM1 · first_building Barracks |
| 14:50 | 2KM1 · wall_segment Stone Wall x1 |
| 15:53 | 阿呆 · age_up castle |
| 15:57 | A spoon full of love · age_up castle |
| 15:59 | 阿呆 · first_building Castle |
| 16:05 | A spoon full of love · first_building Monastery |
| 17:22 | FayDingaway · age_up castle |
| 17:27 | FayDingaway · first_building Monastery |
| 18:20 | FayDingaway · first_building Siege Workshop |
| 18:32 | 色狼英雄传 · first_market_sell 100 wood |
| 19:02 | FayDingaway · first_market_sell 100 wood |
| 20:03 | 2KM1 · first_market_sell 100 stone |
| 20:08 | 阿呆 · wall_segment Stone Wall x1 |
| 20:14 | 2KM1 · first_market_buy 100 food |
| 20:17 | 阿呆 · first_market_buy 100 stone |
| 20:45 | 2KM1 · tribute_sent a jugador 2 |
| 20:45 | 2KM1 · tribute_sent a jugador 3 |
| 20:45 | 2KM1 · tribute_sent a jugador 4 |
| 20:45 | 2KM1 · tribute_sent a jugador 5 |
| 20:45 | 2KM1 · tribute_sent a jugador 6 |
| 20:45 | 2KM1 · tribute_sent a jugador 7 |
| 20:45 | 2KM1 · tribute_sent a jugador 8 |
| 21:31 | A spoon full of love · first_market_sell 100 food |
| 21:32 | A spoon full of love · first_market_buy 100 stone |
| 21:59 | 色狼英雄传 · age_up castle |
| 22:33 | FayDingaway · wall_segment Stone Wall x1 |
| 22:35 | 2KM1 · tribute_sent a jugador 2 |
| 22:35 | 2KM1 · tribute_sent a jugador 3 |
| 22:37 | 2KM1 · tribute_sent a jugador 4 |
| 22:37 | 2KM1 · tribute_sent a jugador 5 |
| 22:37 | 2KM1 · tribute_sent a jugador 6 |
| 22:37 | 2KM1 · tribute_sent a jugador 7 |
| 22:37 | 2KM1 · tribute_sent a jugador 8 |
| 22:48 | 带带大师兄 · first_building Siege Workshop |
| 23:14 | 2KM1 · age_up castle |
| 23:15 | YanShiba · first_building Barracks |
| 23:17 | 2KM1 · first_building Monastery |
| 23:25 | 带带大师兄 · first_market_sell 100 food |
| 23:46 | YanShiba · first_building Monastery |
| 24:11 | YanShiba · wall_segment Stone Wall x2 |
| 24:23 | 啥牌子的 · first_building Castle |
| 24:35 | 2KM1 · tribute_sent a jugador 2 |
| 24:36 | 2KM1 · tribute_sent a jugador 3 |
| 24:36 | 2KM1 · tribute_sent a jugador 4 |
| 24:36 | 2KM1 · tribute_sent a jugador 5 |
| 24:36 | 2KM1 · tribute_sent a jugador 6 |
| 24:36 | 2KM1 · tribute_sent a jugador 7 |
| 24:36 | 2KM1 · tribute_sent a jugador 8 |
| 24:43 | 带带大师兄 · first_building Castle |
| 24:51 | YanShiba · first_building Stable |
| 25:57 | 带带大师兄 · first_building Barracks |
| 26:17 | 啥牌子的 · first_building Barracks |
| 26:18 | 色狼英雄传 · first_building Castle |
| 26:21 | 2KM1 · tribute_sent a jugador 2 |
| 26:21 | 2KM1 · tribute_sent a jugador 3 |
| 26:21 | 2KM1 · tribute_sent a jugador 4 |
| 26:21 | 2KM1 · tribute_sent a jugador 5 |
| 26:21 | 2KM1 · tribute_sent a jugador 6 |
| 26:21 | 2KM1 · tribute_sent a jugador 7 |
| 26:21 | 2KM1 · tribute_sent a jugador 8 |
| 26:30 | YanShiba · first_market_sell 100 wood |
| 26:40 | 带带大师兄 · first_building Stable |
| 26:52 | 带带大师兄 · age_up imperial |
| 27:18 | 啥牌子的 · first_building Stable |
| 27:26 | YanShiba · first_building Siege Workshop |
| 27:44 | YanShiba · age_up imperial |
| 28:12 | 阿呆 · wall_segment Stone Wall x20 |
| 28:24 | 阿呆 · first_building Siege Workshop |
| 28:40 | 啥牌子的 · age_up imperial |
| 29:07 | FayDingaway · first_building Barracks |
| 29:13 | 啥牌子的 · first_market_buy 100 stone |
| 29:19 | FayDingaway · first_building Castle |
| 29:32 | 啥牌子的 · first_market_sell 100 wood |
| 29:38 | 带带大师兄 · first_building Archery Range |
| 29:56 | YanShiba · first_building Castle |
| 30:15 | 阿呆 · wall_segment Stone Wall x3 |
| 30:16 | 阿呆 · wall_segment Stone Wall x13 |
| 30:24 | 阿呆 · wall_segment Stone Wall x3 |
| 30:24 | A spoon full of love · first_building Castle |
| 30:31 | 阿呆 · first_market_sell 100 wood |
| 30:36 | A spoon full of love · age_up imperial |
| 30:46 | 阿呆 · wall_segment Stone Wall x3 |
| 30:55 | YanShiba · tribute_sent a jugador 1 |
| 30:55 | YanShiba · tribute_sent a jugador 2 |
| 30:55 | YanShiba · tribute_sent a jugador 3 |
| 30:55 | YanShiba · tribute_sent a jugador 4 |
| 30:55 | YanShiba · tribute_sent a jugador 6 |
| 30:55 | YanShiba · tribute_sent a jugador 7 |
| 30:55 | YanShiba · tribute_sent a jugador 8 |
| 31:06 | 阿呆 · wall_segment Stone Wall x4 |
| 31:43 | 阿呆 · first_building Barracks |
| 33:16 | FayDingaway · age_up imperial |
| 33:32 | 色狼英雄传 · age_up imperial |
| 33:43 | 啥牌子的 · wall_segment Stone Wall x1 |
| 33:49 | YanShiba · tribute_sent a jugador 1 |
| 33:49 | YanShiba · tribute_sent a jugador 2 |
| 33:49 | YanShiba · tribute_sent a jugador 3 |
| 33:49 | YanShiba · tribute_sent a jugador 4 |
| 33:49 | YanShiba · tribute_sent a jugador 6 |
| 33:49 | YanShiba · tribute_sent a jugador 7 |
| 33:49 | YanShiba · tribute_sent a jugador 8 |
| 33:56 | 色狼英雄传 · first_building Barracks |
| 34:03 | 带带大师兄 · first_market_buy 100 wood |
| 34:12 | 阿呆 · age_up imperial |
| 34:47 | 色狼英雄传 · first_building Archery Range |
| 36:15 | FayDingaway · first_building Archery Range |
| 38:30 | 阿呆 · first_building Monastery |
| 38:55 | 2KM1 · wall_segment Stone Wall x6 |
| 39:22 | 2KM1 · wall_segment Stone Wall x7 |
| 39:44 | 2KM1 · wall_segment Stone Wall x7 |
| 39:48 | 啥牌子的 · tribute_sent a jugador 1 |
| 39:48 | 啥牌子的 · tribute_sent a jugador 2 |
| 39:48 | 啥牌子的 · tribute_sent a jugador 3 |
| 39:48 | 啥牌子的 · tribute_sent a jugador 4 |
| 39:48 | 啥牌子的 · tribute_sent a jugador 5 |
| 39:48 | 啥牌子的 · tribute_sent a jugador 6 |
| 39:48 | 啥牌子的 · tribute_sent a jugador 7 |
| 39:53 | 2KM1 · wall_segment Stone Wall x1 |
| 39:58 | 色狼英雄传 · first_building Stable |
| 40:40 | 2KM1 · wall_segment Stone Wall x1 |
| 41:40 | 阿呆 · first_building Stable |
| 42:26 | 啥牌子的 · tribute_sent a jugador 1 |
| 42:26 | 啥牌子的 · tribute_sent a jugador 2 |
| 42:26 | 啥牌子的 · tribute_sent a jugador 3 |
| 42:26 | 啥牌子的 · tribute_sent a jugador 4 |
| 42:26 | 啥牌子的 · tribute_sent a jugador 5 |
| 42:26 | 啥牌子的 · tribute_sent a jugador 6 |
| 42:26 | 啥牌子的 · tribute_sent a jugador 7 |
| 42:37 | 2KM1 · resign |
[ AI ANALYSIS · 1 CREDIT ]
What really happened in this match?
Wolo.gg analyzes every decision: build order, eco, micro, common mistakes by bracket. Personalized analysis on WhatsApp or Discord in 30 seconds.
Civ guide
Teutons
Perfil
Jugador #229488